 Dungeon Crawl Stone Soup version 0.29-a0-92-gee772dd00f (webtiles) character file.

Game seed: 6071013705992322915

166 iwittbrodt the Slicer (level 5, 0/41 HPs)
             Began as a Gnoll Wanderer on Feb 10, 2022.
             Slain by an ogre (12 damage)
             ... on level 4 of the Dungeon.
             The game lasted 00:08:48 (2550 turns).

iwittbrodt the Slicer (Gnoll Wanderer)              Turns: 2550, Time: 00:08:49

Health: 0/41       AC:  6    Str: 11    XL:     5   Next: 47%
Magic:  14/14      EV: 14    Int: 13    God:
Gold:   141        SH:  4    Dex: 12    Spells: 16/18 levels left

rFire   . . .      SeeInvis .   a - +2 short sword
rCold   . . .      Faith    .   b - +0 buckler
rNeg    . . .      Spirit   .   h - +0 ring mail
rPois   .          Reflect  .   v - +0 helmet
rElec   .          Harm     .   (no cloak)
rCorr   .          Rampage  .   (no gloves)
Will    .....                   (no boots)
Stlth   ++........              (no amulet)
HPRegen 0.13/turn               x - +4 ring of evasion
MPRegen 0.14/turn               u - ring "Tuyjim" {Wiz Stlth+}

@: invisible
A: fangs 1, strong nose, distributed training
a: no special abilities


You were on level 4 of the Dungeon.
You visited 1 branch of the dungeon, and saw 4 of its levels.

You collected 141 gold pieces.

Inventory:

Hand Weapons
 a - a +2 short sword (weapon)
 w - a +1 falchion of flaming
Missiles
 g - 94 stones
 i - 18 sling bullets
 k - 5 poisoned darts
 s - 3 javelins
Armour
 b - a +0 buckler (worn)
 h - a +0 ring mail (worn)
 n - a +0 scale mail
 v - a +0 helmet (worn)
Magical Staves
 l - a staff of cold
Jewellery
 f - a ring of protection from fire
 u - the ring "Tuyjim" (right hand) {Wiz Stlth+}
   (You found it on level 3 of the Dungeon)

   [ring of wizardry]

   It improves your spell success rate.
   Stlth:     It makes you more stealthy.
 x - a +4 ring of evasion (left hand)
Wands
 p - a wand of paralysis (8)
Scrolls
 j - a scroll of blinking
Potions
 c - 2 potions of magic {unknown}
 d - a potion of haste {unknown}
 e - a potion of lignification {unknown}
 m - 3 potions of curing
 q - a potion of heal wounds {unknown}
 r - a potion of degeneration {unknown}
 t - a potion of resistance {unknown}


   Skills:
 + Level 3.0 Fighting
 + Level 8.6 Short Blades
 + Level 1.5 Long Blades
 + Level 1.5 Axes
 + Level 1.5 Maces & Flails
 + Level 1.5 Polearms
 + Level 1.5 Staves
 + Level 1.5 Slings
 + Level 1.5 Bows
 + Level 1.5 Crossbows
 + Level 1.5 Throwing
 + Level 3.0 Armour
 + Level 1.5 Dodging
 + Level 1.5 Stealth
 + Level 3.0 Shields
 + Level 1.5 Unarmed Combat
 + Level 7.3 Spellcasting
 + Level 1.2 Conjurations
 + Level 1.2 Hexes
 + Level 1.2 Summonings
 + Level 1.2 Necromancy
 + Level 1.2 Translocations
 + Level 1.2 Transmutations
 + Level 1.2 Fire Magic
 + Level 1.2 Ice Magic
 + Level 1.2 Air Magic
 + Level 1.2 Earth Magic
 + Level 1.2 Poison Magic
 + Level 1.7 Invocations
 + Level 1.5 Evocations


You had 16 spell levels left.
You knew the following spells:

 Your Spells              Type           Power      Damage    Failure   Level
a - Foxfire               Conj/Fire      28%        2x1d5     12%         1
b - Animate Skeleton      Necr           14%        N/A       12%         1

Your spell library contained the following spells:

 Spells                   Type           Power      Damage    Failure   Level
 Apportation              Tloc           14%        N/A       12%         1
 Summon Small Mammal      Summ           28%        N/A       12%         1
 Inner Flame              Hex/Fire       7%         N/A       32%         3


Dungeon Overview and Level Annotations

Branches:
Dungeon (4/15)
 Temple: D:4-7

Altars:
Elyvilon
Makhleb
Ru

Annotations:
D:2 Sigmund


Innate Abilities, Weirdness & Mutations

You have very sharp teeth.
Your uncanny sense of smell can sniff out nearby items.
Your experience applies equally to all skills.


Message History

You feel sick. What are your orders? t - Bark!
Orders for allies: a - Attack new target. r - Retreat! s - Stop attacking. g - Guard the area. f - Follow me.
Anything else - Cancel.
Okay, then.
You feel sick.
The adder skeleton bites you but does no damage.
You hit the adder skeleton.
The adder skeleton is moderately damaged.
You feel sick.
You hit the adder skeleton.
The adder skeleton is moderately damaged.
You feel sick.
You are no longer poisoned.
The adder skeleton bites you but does no damage.
You puncture the adder skeleton!
The adder skeleton is severely damaged.
The adder skeleton bites you but does no damage.
You hit the adder skeleton.
You destroy the adder skeleton!
The ogre hits you with a +0 giant club!!
Ouch! That really hurt!
* * * LOW HITPOINT WARNING * * *
You hear the hiss of a very distant avalanche of sand.
Found a masterwork leather armour.
You block the ogre's attack.
You fade into invisibility!
You hit the ogre.
The ogre is lightly wounded.
The ogre completely misses you.
You hit the ogre. Your bite misses the ogre.
The ogre is moderately wounded.
You hear the hiss of an avalanche of sand very nearby.
You hit the ogre.
The ogre is heavily wounded.
The ogre hits you with a +0 giant club!
You die...

.#...........#.#>.#............#
.##.###.###.##...##.###._.###..#
...........^...##..)..#...# ...#
#.###.###.###.##$...#.##.##.# ##
.# #.##........).#.#.......# .
#.............#.####.####.#
####...#.#..#.............#
##...#.#......####.####.#
...........@O..#.......#
##..#..........#.##.##.#
##..............#...# ..
..............###._.# ..#
#.....###............. .# ..#.[.
##.##........## # ......
#..#.##.##.## .... ##...##..#.#
∆..## #...


You could see an ogre.

Vanquished Creatures
  A water moccasin skeleton (D:4)
  An iguana (D:4)
  Robin (D:3)
  2 adders
  An adder skeleton (D:4)
  A worm (D:2)
  A dart slug (D:1)
  An orc (D:3)
  An endoplasm (D:2)
  A giant cockroach (D:2)
  9 goblins
  11 hobgoblins
  3 jackals (D:2)
  3 quokkas
  7 ball pythons
  3 frilled lizards
  6 kobolds
  3 rats
56 creatures vanquished.

Vanquished Creatures (others)
  15 foxfires
15 creatures vanquished.

Grand Total: 71 creatures vanquished

Notes
Turn   | Place    | Note
-------+----------+-------------------------------------------
     0 | D:1      | iwittbrodt the Gnoll Wanderer began the quest for the Orb.
     0 | D:1      | iwittbrodt set off with the following items: a +2 short
                  | sword, a +0 buckler, a +0 robe; and the following spell
                  | memorised: Foxfire; and the following spells available to
                  | memorise: Inner Flame
     0 | D:1      | Reached XP level 1. HP: 17/17 MP: 8/8
   437 | D:1      | Reached XP level 2. HP: 20/23 MP: 10/10
   602 | D:1      | Found a faded altar of an unknown god.
  1090 | D:2      | Noticed Sigmund
  1243 | D:2      | Reached XP level 3. HP: 22/28 MP: 11/11
  1432 | D:3      | Learned a level 1 spell: Animate Skeleton
  1550 | D:3      | Identified the ring "Tuyjim" {Wiz Stlth+}
  1563 | D:3      | Reached skill level 1 in Invocations
  1601 | D:3      | Reached skill level 1 in Long Blades
  1601 | D:3      | Reached skill level 1 in Axes
  1601 | D:3      | Reached skill level 1 in Maces & Flails
  1601 | D:3      | Reached skill level 1 in Polearms
  1601 | D:3      | Reached skill level 1 in Staves
  1601 | D:3      | Reached skill level 1 in Slings
  1601 | D:3      | Reached skill level 1 in Bows
  1601 | D:3      | Reached skill level 1 in Crossbows
  1601 | D:3      | Reached skill level 1 in Throwing
  1601 | D:3      | Reached skill level 1 in Dodging
  1601 | D:3      | Reached skill level 1 in Stealth
  1601 | D:3      | Reached skill level 1 in Unarmed Combat
  1601 | D:3      | Reached skill level 1 in Evocations
  1606 | D:3      | Noticed Robin
  1623 | D:3      | Reached XP level 4. HP: 31/34 MP: 13/13
  1808 | D:3      | Killed Robin
  1971 | D:3      | Identified the +1 leather armour of the Albatross {Rampage
                  | rElec rCorr}
  2236 | D:4      | Found a burning altar of Makhleb.
  2250 | D:4      | Reached skill level 1 in Conjurations
  2250 | D:4      | Reached skill level 1 in Hexes
  2250 | D:4      | Reached skill level 1 in Summonings
  2250 | D:4      | Reached skill level 1 in Necromancy
  2250 | D:4      | Reached skill level 1 in Translocations
  2250 | D:4      | Reached skill level 1 in Transmutations
  2250 | D:4      | Reached skill level 1 in Fire Magic
  2250 | D:4      | Reached skill level 1 in Ice Magic
  2250 | D:4      | Reached skill level 1 in Air Magic
  2250 | D:4      | Reached skill level 1 in Earth Magic
  2250 | D:4      | Reached skill level 1 in Poison Magic
  2306 | D:4      | Reached XP level 5. HP: 32/41 MP: 14/14
  2337 | D:4      | Found a white marble altar of Elyvilon.
  2445 | D:4      | Found a sacrificial altar of Ru.
  2457 | D:4      | Noticed an ogre
  2550 | D:4      | Slain by an ogre

Illustrated notes

Levels and vault maps discovered:
D:1:      minmay_arrival_stone_box, layout_basic,
          ebering_ecumenical_altar_petrified
D:2:      layout_loops_ring, minmay_box_of_dots, uniq_sigmund,
          uniq_crazy_yiuf_cottage
D:3:      layout_rooms, uniq_robin
D:4:      layout_rooms, mainiacjoe_overflow_catwalk,
          mainiacjoe_overflow_large_starburst, nicolae_ossuary_entry_plus,
          dk_noncrumbling_3, nicolae_concentric_dashed_squares_wild,
          uniq_blork_the_orc

Skill      XL: |  1  2  3  4 |
---------------+-------------+-----
Invocations    | 1 |  1.7
Long Blades    | 1 |  1.5
Axes           | 1 |  1.5
Maces & Flails | 1 |  1.5
Polearms       | 1 |  1.5
Staves         | 1 |  1.5
Slings         | 1 |  1.5
Bows           | 1 |  1.5
Crossbows      | 1 |  1.5
Throwing       | 1 |  1.5
Dodging        | 1 |  1.5
Stealth        | 1 |  1.5
Unarmed Combat | 1 |  1.5
Evocations     | 1 |  1.5
Conjurations   | 1 |  1.2
Hexes          | 1 |  1.2
Summonings     | 1 |  1.2
Necromancy     | 1 |  1.2
Translocations | 1 |  1.2
Transmutations | 1 |  1.2
Fire Magic     | 1 |  1.2
Ice Magic      | 1 |  1.2
Air Magic      | 1 |  1.2
Earth Magic    | 1 |  1.2
Poison Magic   | 1 |  1.2
Fighting       | 3 |  3.0
Armour         | 3 |  3.0
Shields        | 3 |  3.0
Short Blades   | |  8.6
Spellcasting   | |  7.3

Action                   |  1- 3 |  4- 6 || total
-------------------------+-------+-------++-------
Melee: Short sword       |   107 |    68 ||   175
       Bite              |    10 |     6 ||    16
 Cast: Foxfire           |     8 |       ||     8
       Animate Skeleton  |     1 |       ||     1
  Use: Scroll            |       |     4 ||     4
       Potion            |       |     1 ||     1
 Stab: Sleeping          |       |     2 ||     2
Armor: Ring mail         |    20 |    12 ||    32
       Robe              |     2 |       ||     2
Dodge: Dodged            |    24 |    28 ||    52
Block: Buckler           |    15 |    13 ||    28

Table legend: (Time is in decaauts)
 A = Elapsed time spent in this place.
 B = Non-inter-level travel time spent in this place.
 C = Inter-level travel time spent in this place.
 D = Time resting spent in this place.
 E = Time spent auto-exploring this place.
 F = Levels seen in this place.
 G = Mean time per level.
                   A        B        C        D        E       F      G
               +--------+--------+--------+--------+--------+-----+--------+
         Total |   2499 |   2463 |     36 |    329 |    731 |   4 |  624.8 |
       Dungeon |   2499 |   2463 |     36 |    329 |    731 |   4 |  624.8 |
               +--------+--------+--------+--------+--------+-----+--------+

Top non-repeatable levels by time:
     D:1: 835 daAuts
     D:3: 701 daAuts
     D:2: 658 daAuts
     D:4: 303 daAuts
